 Dungeon Crawl Stone Soup version 0.28-a0-1202-g1e6f1b2279 (webtiles) character file.

Game seed: 13870096921304969571

4456 Conn the Arsonist (level 10, -11/58 HPs)
             Began as an Octopode Fire Elementalist on Dec 20, 2021.
             Mangled by a white ugly thing (20 damage)
             ... on level 9 of the Dungeon.
             The game lasted 00:22:13 (10293 turns).

Conn the Arsonist (Octopode Fire Elementalist)     Turns: 10293, Time: 00:22:13

Health: -11/58     AC: -3    Str:  8    XL:     10   Next: 37%
Magic:  17/19      EV: 13    Int: 27    God:
Gold:   353        SH:  0    Dex: 12    Spells: 0/21 levels left

rFire   . . .      SeeInvis .   B - +10 spear of Toxaw {holy, Int+5}
rCold   . . .      Faith    .   (no shield)
rNeg    . . .      Spirit   .   (helmet restricted)
rPois   +          Reflect  .   E - amulet of magic regeneration
rElec   .          Harm     .   z - ring of poison resistance
rCorr   .          Rampage  .   (no ring)
Will    .....                   (no ring)
Stlth   ++++......              (no ring)
HPRegen 0.19/turn               (no ring)
MPRegen 0.56/turn               (no ring)
                                (no ring)
                                (no ring)

@: corroded
A: almost no armour, amphibious, 8 rings, camouflage 1, gelatinous body 1,
(nimble swimmer 1), tentacles
a: no special abilities


You were on level 9 of the Dungeon.
You visited 1 branch of the dungeon, and saw 9 of its levels.
You also visited: Sewer.

You collected 489 gold pieces.
You spent 136 gold pieces at shops.

Inventory:

Hand Weapons
 e - a +0 short sword
 y - a +2 dagger of draining
 B - the +10 spear of Toxaw (weapon) {holy, Int+5}
   (You bought it in a shop on level 5 of the Dungeon)

   It has been blessed by the Shining One to cause great damage to the undead
   and demons.
   Int:       It affects your intelligence (+5).
Missiles
 c - 38 poisoned darts (quivered)
 f - 5 javelins
 k - 2 curare-tipped darts
 D - 2 throwing nets
Magical Staves
 A - a staff of poison
Jewellery
 z - a ring of poison resistance (left tentacle)
 E - an amulet of magic regeneration (around mantle)
Wands
 b - a wand of polymorph (4)
 u - a wand of acid (7)
Scrolls
 d - a scroll of magic mapping {unknown}
 g - 2 scrolls of vulnerability {unknown}
 h - 2 scrolls of teleportation {unknown}
 o - a scroll of silence {unknown}
 p - 2 scrolls of noise {unknown}
 r - a scroll of enchant weapon {unknown}
 s - 2 scrolls of immolation
 v - 2 scrolls of enchant armour
 w - 4 scrolls of fog {unknown}
 x - a scroll of holy word {unknown}
 G - 2 scrolls of torment {unknown}
Potions
 a - 3 potions of mutation
 j - 2 potions of brilliance
 l - 2 potions of magic
 m - 3 potions of might
 n - 3 potions of haste
 q - 2 potions of curing {unknown}
 t - a potion of lignification {unknown}
 C - a potion of attraction {unknown}
 F - a potion of ambrosia {unknown}


   Skills:
 + Level 1.2 Fighting
 + Level 2.1 Short Blades
 + Level 2.0 Polearms
 + Level 0.6 Throwing
 + Level 3.0 Dodging
 + Level 7.2 Stealth
 + Level 0.7 Unarmed Combat
 + Level 6.2 Spellcasting
 * Level 7.0 Conjurations
 * Level 1.2 Hexes
 + Level 8.3 Fire Magic
 * Level 4.5 Ice Magic
 + Level 0.4 Evocations


You couldn't memorise any spells.
You knew the following spells:

 Your Spells              Type           Power      Damage    Failure   Level
a - Foxfire               Conj/Fire      100%       2x1d9     1%          1
b - Conjure Flame         Conj/Fire      49%        6-21      1%          3
c - Inner Flame           Hex/Fire       34%        N/A       2%          3
d - Flame Wave            Conj/Fire      49%        2d8       2%          4
e - Scorch                Fire           100%       2d10      1%          2
f - Ozocubu's Armour      Ice            32%        N/A       3%          3
g - Metabolic Englaciati  Hex/Ice        12%        N/A       47%         5

Your spell library contained the following spells:

 Spells                   Type           Power      Damage    Failure   Level
 Simulacrum               Ice/Necr       10%        N/A       98%         6


Dungeon Overview and Level Annotations

Branches:
Dungeon (9/15)             Temple (0/1) D:6           Sewer (visited)
   Lair: D:8-11         Orc: D:9-12

Altars:
Trog
The Shining One

Shops:
D:3 [   D:5 (


Innate Abilities, Weirdness & Mutations

You cannot wear most types of armour.
You are amphibious.
You can wear up to eight rings at the same time.
Your skin changes colour to match your surroundings (Stealth+).
Your rubbery body absorbs attacks. (AC +1, EV +1)
((You are camouflaged near water. (Stealth+)))
You have tentacles for arms and can constrict up to eight enemies at once.


Message History

It was a scroll of immolation.
The deep elf pyromancer casts a spell.
The deep elf pyromancer blinks!
The white ugly thing is engulfed in blazing flames.
Flame seeps out of the white ugly thing.
The bullfrog completely misses you. The fire bat closely misses you.
As you read the scroll labelled ZYCYMP DYUCEAGHE, it crumbles to dust.
It is a scroll of enchant armour.
You aren't carrying any armour which can be enchanted further.
The fire bat closely misses you. The bullfrog hits you.
The deep elf pyromancer casts a spell.
The deep elf pyromancer blinks!
Okay, then.
Unknown command.
Unknown command.
Okay, then.
Unknown command.
Okay, then.
Casting: Foxfire (safe; 1% risk of failure)
Confirm with . or Enter, or press ? or * to list all spells.
Okay, then.
Unknown command.
Unknown command.
Unknown command.
Unknown command.
The fire bat closely misses you. The bullfrog barely misses you.
The fire bat barely misses you. The bullfrog hits you. The fire bat bites you.
You are engulfed in flames!
* * * LOW HITPOINT WARNING * * *
The deep elf pyromancer gestures wildly while chanting.
The deep elf pyromancer blinks!
The fire bat bites you.
* * * LOW HITPOINT WARNING * * *
You are engulfed in flames!
* * * LOW HITPOINT WARNING * * *
You feel much better. The bullfrog barely misses you.
The white ugly thing kicks you!
* * * LOW HITPOINT WARNING * * *
The white ugly thing freezes you!!
You die...

#.. ##....#...#.....#.
. #.. #....'...#...#.#
e..
#..####...#...#..####
....#...#.....#####...
8.B.................
...#.$.............
#...............
#......ub.#.....
#.....#F@.###...
.......#.#.......
##........##.##...
##..)..#.. ... .
.....###.8 ... ...##
#..[ ..>.. .... ....
.. ....


You could see a white ugly thing (inner flame), a fire bat (inner flame) and a
bullfrog (inner flame).

Vanquished Creatures
  The ghost of Gargoyl the Skirmisher, a novice GnAK of Lugonu (D:5)
  Grinder (D:5)
  A hornet (D:7)
  A meliai zombie (D:6)
  A steam dragon (D:6)
  Edmund (D:6)
  Duvessa (D:5)
  2 sky beasts
  4 orc warriors
  3 ice beasts
  4 ogres
  2 centaurs
  2 phantoms
  3 kobold brigands (Sewer)
  A bullfrog (D:6)
  A wyvern zombie (D:7)
  3 scorpions
  A wyvern skeleton (D:5)
  Dowan (D:5)
  A water moccasin skeleton (D:5)
  4 wights
  A howler monkey (D:5)
  A jelly (D:5)
  4 centaur zombies
  3 hounds
  A gnoll shaman (D:6)
  3 orc priests
  A bullfrog skeleton (D:5)
  A centaur skeleton (D:4)
  3 orc wizards
  A hound skeleton (D:5)
  7 gnolls
  6 adders
  A howler monkey skeleton (D:7)
  4 river rats (D:3)
  A white imp (D:5)
  2 ufetubi
  2 worms
  A dart slug (D:1)
  15 orcs
  5 bats
  2 endoplasms
  2 giant cockroaches (D:3)
  4 goblins
  2 hobgoblins
  4 jackals
  18 kobolds
  9 quokkas
  11 ball pythons
  5 frilled lizards
  15 rats
174 creatures vanquished.

Vanquished Creatures (collateral kills)
  7 foxfires
7 creatures vanquished.

Vanquished Creatures (others)
  660 foxfires
  35 plants
  2 withered plants (D:5)
697 creatures vanquished.

Grand Total: 878 creatures vanquished

Notes
Turn   | Place    | Note
-------+----------+-------------------------------------------
     0 | D:1      | Conn the Octopode Fire Elementalist began the quest for the
                  | Orb.
     0 | D:1      | Reached XP level 1. HP: 11/11 MP: 3/3
   406 | D:1      | Reached XP level 2. HP: 14/17 MP: 0/5
   656 | D:1      | Found a faded altar of an unknown god.
  1294 | D:2      | Reached XP level 3. HP: 21/21 MP: 3/6
  1334 | D:2      | Learned a level 3 spell: Conjure Flame
  2108 | D:2      | Reached skill level 4 in Fire Magic
  2108 | D:2      | Reached XP level 4. HP: 25/27 MP: 4/7
  2799 | D:3      | Found Piemuuli's Antique Armour Shoppe.
  2915 | D:3      | Reached skill level 1 in Short Blades
  2998 | D:3      | Reached XP level 5. HP: 31/31 MP: 2/8
  3010 | D:3      | Found a glowing drain.
  3055 | Sewer    | Entered a sewer
  3322 | Sewer    | Noticed a kobold brigand
  3355 | Sewer    | Killed a kobold brigand
  3674 | Sewer    | Noticed a kobold brigand
  3691 | Sewer    | Killed a kobold brigand
  3692 | Sewer    | Reached XP level 6. HP: 6/36 MP: 3/10
  4932 | D:3      | Reached XP level 7. HP: 41/41 MP: 12/12
  4967 | D:3      | Learned a level 3 spell: Inner Flame
  4972 | D:3      | Learned a level 4 spell: Flame Wave
  5107 | D:4      | Reached skill level 5 in Fire Magic
  5864 | D:4      | Found a bloodstained altar of Trog.
  5913 | D:5      | Entered Level 5 of the Dungeon
  5914 | D:5      | Found a runed translucent door.
  5914 | D:5      | Noticed Gargoyl's ghost (novice GnAK)
  5967 | D:5      | Noticed Grinder
  5979 | D:5      | Killed Grinder
  5980 | D:5      | Reached skill level 6 in Fire Magic
  5980 | D:5      | Reached XP level 8. HP: 39/47 MP: 6/14
  5991 | D:5      | Reached skill level 5 in Stealth
  6243 | D:5      | Reached skill level 5 in Conjurations
  6411 | D:5      | Found Eloyf's Antique Weapon Boutique.
  6504 | D:5      | Noticed Duvessa
  6504 | D:5      | Noticed Dowan
  6509 | D:5      | Killed Duvessa
  6511 | D:5      | Killed Dowan
  6965 | D:5      | Reached skill level 5 in Spellcasting
  6983 | D:5      | Bought an ichor-stained spear for 136 gold pieces
  6983 | D:5      | Identified the +10 spear of Toxaw {holy, Int+5} (You bought
                  | it in a shop on level 5 of the Dungeon)
  7050 | D:5      | Learned a level 2 spell: Scorch
  7054 | D:5      | Learned a level 3 spell: Ozocubu's Armour
  7108 | D:5      | Killed Gargoyl's ghost
  7109 | D:5      | Reached skill level 7 in Fire Magic
  7109 | D:5      | Reached skill level 1 in Ice Magic
  7109 | D:5      | Reached XP level 9. HP: 32/52 MP: 0/16
  7314 | D:6      | Reached skill level 1 in Fighting
  7314 | D:6      | Reached skill level 1 in Polearms
  8265 | D:6      | Noticed Edmund
  8292 | D:6      | Killed Edmund
  8621 | D:6      | Found a staircase to the Ecumenical Temple.
  9027 | D:7      | Reached XP level 10. HP: 18/58 MP: 15/18
  9536 | D:7      | Reached skill level 1 in Hexes
  9562 | D:7      | Reached skill level 8 in Fire Magic
 10138 | D:7      | Learned a level 5 spell: Metabolic Englaciation
 10216 | D:8      | Found a glowing golden altar of the Shining One.
 10246 | D:8      | Noticed a boulder beetle
 10279 | D:9      | Noticed a white ugly thing
 10280 | D:9      | Noticed a deep elf pyromancer
 10281 | D:9      | Noticed a deep elf pyromancer
 10286 | D:9      | Noticed a boulder beetle
 10293 | D:9      | Mangled by a white ugly thing

Illustrated notes

Levels and vault maps discovered:
D:1:      minmay_arrival_checkered_box, layout_basic,
          shapermc_ecumenical_altar_mp_ritualfount
D:2:      layout_basic
D:3:      layout_rooms, gup_sewer_entry_bubbles, serial_shops, shop_statue,
          patterned_corridor
D:4:      layout_cave_pools, kennysheep_little_box
D:5:      minmay_diamond_boxcup, layout_rooms, serial_shops,
          nicolae_inconvenience_store, gammafunk_ghost_grave, serial_bayou,
          serial_bayou_pond_b, serial_bayou_lagoon_a, serial_bayou_pond_e,
          serial_bayou_pond_c, uniq_duvessa, uniq_grinder
D:6:      layout_basic, minmay_temple_entry_purple_smoke,
          mrwooster_statue_mirror, uniq_edmund
D:7:      layout_basic, kennysheep_generic_room_6
D:8:      layout_basic, tso_oasis_becter, enter_ossuary_4,
          kennysheep_pointless_box, uniq_psyche
D:9:      layout_cave_pools, mainiacjoe_overflow_24_doors, orc_0_dummy,
          special_room [special_room_orc], gammafunk_ghost_arena,
          serial_column_ruins, column_ruins_hut, column_ruins_grid_1,
          column_ruins_columns_straight, column_ruins_open_medium,
          column_ruins_columns_straight, column_ruins_open_medium, minivault_28

Skill      XL: |  1  2  3  4  5  6  7  8  9 10 |
---------------+-------------------------------+-----
Stealth        | 3 4 6 7 |  7.2
Fire Magic     | 4 6 7 8 |  8.3
Conjurations   | 2 3 4 5 6 7 |  7.0
Short Blades   | 1 2 |  2.1
Spellcasting   | 3 4 5 6 |  6.2
Ice Magic      | 1 3 4 |  4.5
Fighting       | 1 |  1.2
Polearms       | 1 2 |  2.0
Hexes          | 1 |  1.2
Dodging        | 3 |  3.0
Throwing       | |  0.6
Unarmed Combat | |  0.7
Evocations     | |  0.4

Action                   |  1- 3 |  4- 6 |  7- 9 | 10-12 || total
-------------------------+-------+-------+-------+-------++-------
Melee: Unarmed           |    16 |       |       |       ||    16
       Constrict         |     8 |     6 |     3 |     1 ||    18
       Tentacles         |     3 |     3 |     4 |     1 ||    11
       Short sword       |     6 |    24 |     1 |       ||    31
       Dagger            |       |       |    19 |       ||    19
       Spear             |       |       |    19 |    13 ||    32
Throw: Dart              |       |     5 |     3 |       ||     8
 Cast: Foxfire           |    71 |   123 |   164 |    47 ||   405
       Conjure Flame     |       |     4 |     3 |     2 ||     9
       Flame Wave        |       |       |     3 |       ||     3
       Inner Flame       |       |       |    11 |    14 ||    25
       Scorch            |       |       |     4 |    10 ||    14
       Ozocubu's Armour  |       |       |     1 |       ||     1
Evoke: Wand              |       |       |     2 |     1 ||     3
  Use: Scroll            |       |     5 |     2 |     2 ||     9
       Potion            |       |       |     5 |     1 ||     6
 Stab: Sleeping          |       |     3 |    11 |     2 ||    16
Armor: Skin              |     4 |       |     3 |     3 ||    10
Dodge: Dodged            |    37 |    33 |    41 |    21 ||   132

Table legend: (Time is in decaauts)
 A = Elapsed time spent in this place.
 B = Non-inter-level travel time spent in this place.
 C = Inter-level travel time spent in this place.
 D = Time resting spent in this place.
 E = Time spent auto-exploring this place.
 F = Levels seen in this place.
 G = Mean time per level.
                   A        B        C        D        E       F      G
               +--------+--------+--------+--------+--------+-----+--------+
         Total |  10279 |  10038 |    241 |    310 |   7512 |  10 | 1027.9 |
       Dungeon |   9083 |   8842 |    241 |    310 |   6663 |   9 | 1009.2 |
         Sewer |   1195 |   1195 |      0 |      0 |    849 |   1 | 1195.0 |
               +--------+--------+--------+--------+--------+-----+--------+

Top non-repeatable levels by time:
     D:5: 1580 daAuts
     D:2: 1513 daAuts
     D:6: 1436 daAuts
     D:1: 1285 daAuts
     D:7: 1237 daAuts
   Sewer: 1195 daAuts
     D:3: 1110 daAuts
     D:4: 814 daAuts
     D:8: 63 daAuts
     D:9: 41 daAuts
